 Dungeon Sprint DCSS version 0.23-a0-447-g7b583b2f2c (webtiles) character file.

63 Jannitor the Skirmisher (level 3, -4/49 HPs)
             Began as a Demonspawn Monk on Nov 19, 2018.
             Was a Believer of Okawaru.
             Slain by a human (12 damage)
             ... in the Dungeon (Sprint III: "The Ten Rune Challenge").
             The game lasted 00:01:24 (237 turns).

Jannitor the Skirmisher (Demonspawn Monk)            Turns: 237, Time: 00:01:24

Health: -4/49      AC:  8    Str: 17    XL:     3   Next: 89%
Magic:  1/3        EV: 19    Int: 11    God:    Okawaru [**....]
Gold:   21         SH:  0    Dex: 17    Spells: 2/2 levels left

rFire    . . .     SeeInvis .   a - +0 mace
rCold    . . .     Gourm    .   (no shield)
rNeg     . . .     Faith    .   b - +0 robe
rPois    .         Spirit   .   (helmet restricted)
rElec    .         Reflect  .   (no cloak)
rCorr    .         Harm     .   (no gloves)
MR       .....     NoTele   +   (no boots)
Stlth    ..........             (no amulet)
HPRegen  0.16/turn              (no ring)
MPRegen  0.08/turn              (no ring)

@: berserking, heroism, sanguine armour, flying, very slightly contaminated,
hasted, very quick
A: horns 1, agile 1, blink, powered by death 1, sanguine armour 1
a: Blink, Heroism, Renounce Religion


You were in the Dungeon.
You worshipped Okawaru.
Okawaru was pleased with you.
You were not hungry.

You visited 1 branch You collected 21 gold pieces.

Inventory:

Hand Weapons
 a - a +0 mace (weapon)
Armour
 b - a +0 robe (worn)
Scrolls
 e - 2 scrolls of holy word {unknown}
 i - a scroll of blinking
 j - a scroll of amnesia {unknown}
 k - a scroll of identify
 m - a scroll of remove curse {unknown}
Potions
 d - 3 potions of curing
 g - 2 potions of magic
 l - a potion of flight
 o - 3 potions of mutation
Comestibles
 c - 3 rations
 h - 3 chunks of flesh


   Skills:
 + Level 5.3(10.3) Fighting
 + Level 4.8(9.8) Maces & Flails
 + Level 4.8(9.8) Dodging
 - Level 1.7(6.7) Stealth


You had 2 spell levels left.
You didn't know any spells.
Your spell library was empty.

Dungeon Overview and Level Annotations

Branches:
Dungeon (1/1)

Altars:
Okawaru
Trog
Uskayaw
Wu Jian
Beogh


Innate Abilities, Weirdness & Mutations

You regenerate a little health from kills.
When seriously injured, your bleeding wounds create armour. (AC +6)
You have a pair of small horns on your head.
You are agile. (Dex +2)
You can translocate small distances at will.


Message History

The human splashes around in the water.
You barely miss the human. You headbutt the human!
The human is heavily wounded.
The human splashes around in the water.
The human completely misses you.
You hit the human.
The human is heavily wounded.
You miss the human.
The human is heavily wounded.
The human barely misses you. The water elemental hits you!!
* * * LOW HITPOINT WARNING * * *
The water elemental engulfs you in water!
The human splashes around in the water.
You are too injured to fight recklessly!
Unknown command.
You slip free of the water engulfing you.
You gasp with relief as air once again reaches your lungs.
You barely miss the human.
The human is heavily wounded.
The human hits you!
You die...

▓▓▓▓▓▓▓▓▓▓▓▓ ▓▓▓
▓<.#..'....♣♣ ♣.# ####
▓..#..#.....♣ ♣.# #§__
▓#'####....♣♣♣ ♣♣.# #__)
▓.....#....≈.♣♣♣..###+#p##
▓.....#...≈≈♣♣♣...#.......
▓.....#..≈≈≈≈..♣..'.⌠p....
▓####'#..@E≈≈≈≈♣♣.#...####
▓..[..#.≈p≈≈≈≈....#.⌠.#
▓.....#÷≈≈p≈≈.....#...#
▓.....#.≈≈≈.......#+###
▓'#####...........#
▓.................#
▓▓▓▓▓▓▓▓▓▓▓▓▓▓▓▓▓▓▓


You could see a water elemental and 2 humans.

Vanquished Creatures
  Jessica (D)
  A human (D)
  A wolf (D)
  An ooze (D)
  A rat (D)
5 creatures vanquished.

Vanquished Creatures (others)
  A draconian scorcher (D)
  4 hellions (D)
  A plant (D)
6 creatures vanquished.

Grand Total: 11 creatures vanquished

Notes
Turn   | Place    | Note
-------+----------+-------------------------------------------
     0 | D        | Jannitor the Demonspawn Monk began the quest for the Orb.
     0 | D        | Reached XP level 1. HP: 18/18 MP: 1/1
    54 | D        | Noticed Jessica
    57 | D        | Killed Jessica
    57 | D        | Reached skill level 4 in Fighting
    57 | D        | Gained mutation: You regenerate a little health from kills.
                  | [demonic ancestry]
    57 | D        | Reached XP level 2. HP: 26/26 MP: 2/2
    57 | D        | Gained mutation: When seriously injured, your bleeding
                  | wounds create armour. (AC +6) [demonic ancestry]
    57 | D        | Reached XP level 3. HP: 31/31 MP: 3/3
    81 | D        | Killed a hellion
    93 | D        | Reached skill level 5 in Fighting
    99 | D        | Killed a hellion
   100 | D        | Killed a hellion
   101 | D        | Killed a hellion
   154 | D        | Killed a white draconian scorcher
   178 | D        | Gained mutation: You can translocate small distances at
                  | will. [potion of mutation]
   178 | D        | Gained mutation: You are agile. (Dex +2) [potion of
                  | mutation]
   178 | D        | Gained mutation: You have a pair of small horns on your
                  | head. [potion of mutation]
   194 | D        | Noticed a water elemental
   205 | D        | Found a hide-covered altar of Uskayaw.
   205 | D        | Found a roughly hewn altar of Beogh.
   205 | D        | Found an iron altar of Okawaru.
   205 | D        | Found a bloodstained altar of Trog.
   205 | D        | Found an ornate altar of the Wu Jian Council.
   205 | D        | Noticed a human
   205 | D        | Noticed a human
   209 | D        | Became a worshipper of Warmaster Okawaru
   209 | D        | Reached * piety under Okawaru
   209 | D        | Reached ** piety under Okawaru
   237 | D        | Slain by a human

Vault maps used:
D:        dungeon_sprint_mu

Skill      XL: |  1  2  3 |
---------------+----------+-----
Maces & Flails | 4 |  4.8
Dodging        | 4 |  4.8
Fighting       | 4 5 |  5.3
Stealth        | |  1.7

Action                   || total
-------------------------++-------
Melee: Mace              ||    38
       Headbutt          ||     1
Invok: Heroism           ||     1
  Use: Potion            ||     6
       Scroll            ||     2
 Stab: Sleeping          ||     2
Armor: Robe              ||     6
Dodge: Dodged            ||    39

Table legend:
 A = Non-vault XP
 B = Vault XP
 C = Vault XP percentage of total XP
 D = Non-vault monster count
 E = Vault monster count
 F = Vault count percentage of total count
                 A         B        C        D         E       F
            +---------+---------+-------+---------+---------+-------
      Total |       0 |      91 | 100.0 |       0 |       5 | 100.0
            +---------+---------+-------+---------+---------+-------
          D |       0 |      91 | 100.0 |       0 |       5 | 100.0
            +---------+---------+-------+---------+---------+-------
